Map: Lost and Found LE

Players

LiquidMaNa (MaNa)

  • Race: Protoss Protoss
  • League: Master
  • Spawn Location: 1:00

PtitDrogo - Winner!

  • Race: Protoss Protoss
  • League: Master
  • Spawn Location: 7:00

Event: HomeStory Cup XVIII

VOD

Have the link to the VOD?

Description

Time

  • Played on: Nov. 23, 2018, 2:54 p.m.
  • Length: 8:18

All games in this series

Show
View Real Time Build Order
Export as new Build Order

LiquidMaNa Protoss 

Build Orders: Blink Stalkers 

Get SALT Encoding   

  12  0:00  Probe  
  13  0:12  Probe  
  14  0:19  Pylon  
  14  0:25  Probe  
  15  0:34  Probe  
  15  0:39  Gateway  
  15  0:42  Probe  
  16  0:46  Assimilator  
  17  0:51  Probe  
  17  0:56  Assimilator  
  18  0:59  Probe  
  19  1:07  Gateway, Probe  
  19  1:18  Probe  
  21  1:26  Cybernetics Core  
  21  1:30  Probe  
  22  1:34  Pylon  
  22  1:42  Probe  
  23  1:53  Warp Gate  
  23  1:54  Probe  
  24  2:02  Stalker x2  
  28  2:11  Pylon  
  28  2:32  Stalker x2  
  32  2:48  Nexus  
  32  3:02  Stalker  
  32  3:03  Stalker  
  36  3:14  Pylon, Probe  
  37  3:23  Probe  
  38  3:30  Twilight Council  
  38  3:31  Probe  
  38  3:40  Probe  
  39  3:47  Robotics Facility  
  40  3:52  Probe  
  41  3:56  Blink  
  41  4:00  Adept  
  41  4:01  Adept  
  45  4:06  Probe  
  45  4:09  Probe  
  47  4:18  Probe  
  47  4:21  Probe  
  49  4:31  Stalker, Immortal  
  47  4:36  Shield Battery  
  51  4:47  Stalker  
  51  4:49  Probe  
  51  4:51  Probe  
  55  4:56  Stalker  
  57  5:01  Pylon  
  57  5:03  Observer  
  57  5:07  Probe  
  57  5:08  Probe  
  57  5:11  Pylon, Sentry  
  62  5:20  Probe x2  
  64  5:25  Warp Prism  
  66  5:31  Pylon  
  66  5:32  Probe x2  
  66  5:33  Sentry  
  70  5:38  Gateway  
  70  5:44  Gateway, Observer  
  70  5:50  Gateway  
  70  5:54  Gateway  
  68  6:02  Stalker x2  
  70  6:16  Robotics Bay  
  70  6:18  Shield Battery, Observer  
  69  6:20  Probe x2  
  72  6:27  Assimilator  
  72  6:28  Stalker  
  72  6:31  Observer  
  74  6:34  Assimilator  
  74  6:35  Pylon  
  74  6:40  Stalker  
  74  6:41  Probe x2  
  78  6:54  Stalker  
  78  6:56  Pylon  
  78  7:00  Probe x2  
  82  7:06  Disruptor  
  82  7:08  Shield Battery  
  82  7:09  Pylon  
  82  7:11  Pylon  
  82  7:21  Zealot x4  
  83  7:31  Zealot x2  
  83  7:40  Disruptor  
  71  7:53  Stalker  
  71  7:56  Zealot x4  
  73  7:58  Zealot  
Show
View Real Time Build Order
Export as new Build Order

PtitDrogo Protoss - Winner!

Build Orders:  

Get SALT Encoding   

  12  0:00  Probe  
  13  0:13  Probe  
  14  0:16  Pylon  
  14  0:24  Probe  
  15  0:32  Probe  
  15  0:38  Gateway  
  15  0:40  Probe  
  16  0:45  Assimilator  
  17  0:51  Probe  
  18  0:58  Assimilator  
  18  0:59  Probe  
  19  1:07  Probe  
  19  1:10  Gateway  
  19  1:17  Probe  
  21  1:25  Cybernetics Core  
  21  1:29  Probe  
  22  1:35  Pylon  
  22  1:42  Probe  
  22  1:45  Warp Gate  
  23  1:54  Probe  
  24  2:02  Sentry, Stalker  
  28  2:11  Pylon  
  28  2:28  Stalker  
  30  2:32  Stalker  
  31  2:49  Nexus  
  31  2:51  Shield Battery  
  31  2:52  Probe  
  34  2:58  Sentry  
  34  3:02  Sentry  
  36  3:09  Pylon  
  36  3:13  Probe  
  36  3:17  Shield Battery  
  37  3:28  Robotics Facility  
  37  3:32  Probe  
  38  3:44  Probe  
  38  3:47  Stalker  
  41  3:50  Stalker  
  43  3:57  Probe  
  43  4:00  Probe  
  45  4:05  Probe  
  46  4:12  Probe  
  46  4:15  Probe  
  47  4:17  Observer  
  47  4:20  Stalker x2  
  47  4:21  Probe  
  54  4:27  Probe  
  54  4:29  Probe  
  54  4:39  Gateway, Probe, Immortal  
  54  4:41  Probe  
  56  4:52  Gateway  
  60  5:00  Probe x2  
  60  5:02  Pylon  
  62  5:08  Gateway  
  62  5:12  Gateway  
  62  5:16  Gateway, Immortal  
  66  5:29  Sentry x2  
  66  5:33  Pylon  
  70  5:40  Pylon  
  70  5:51  Adept x2  
  70  5:52  Warp Prism, Adept  
  78  6:00  Adept  
  78  6:19  Adept x4  
  78  6:22  Pylon  
  78  6:24  Pylon  
  86  6:27  Pylon  
  86  6:45  Adept x6  
  86  6:46  Adept  
  97  6:57  Pylon  
  95  7:13  Adept x7  
  109  7:16  Pylon  
  99  7:35  Adept x2  
  99  7:36  Adept x3  
  101  7:47  Probe  
  100  7:57  Adept x4  
  100  7:58  Adept  
Tags
 
Add a new tag
Caveats
  • Supply blocks, unpowered buildings, or Contaminate may cause inaccurate times.
  • Supply counts are checked every 10 seconds.